 Dungeon Crawl Stone Soup version 0.18.1-5-g4a78601 (webtiles) character file.

9301 shmeve the Cleaver (level 11, -11/153 HPs)
             Began as a Minotaur Berserker on May 14, 2016.
             Was a High Priest of Trog.
             Mangled by a sun demon (13 damage)
             ... summoned by an orc sorcerer
             ... on level 2 of the Orcish Mines.
             The game lasted 00:16:48 (9801 turns).

shmeve the Cleaver (Minotaur Berserker)             Turns: 9801, Time: 00:16:49

Health: -11/153    AC: 15    Str: 28    XL:     11   Next: 21%
Magic:  10/10      EV: 11    Int:  5    God:    Trog [*****.]
Gold:   154        SH:  0    Dex: 11    Spells: 0 memorised, 10 levels left

rFire  . . .     SeeInvis .     s - +0 war axe
rCold  . . .     Gourm    .     A - +0 plate armour
rNeg   . . .     Faith    +     (no shield)
rPois  +         Spirit   .     (helmet restricted)
rElec  .         Dismiss  .     (no cloak)
rCorr  .         Reflect  .     (no gloves)
SustAt .         Harm     .     D - +0 pair of boots
MR     ++...                    F - amulet of faith
Stlth  ..........               (no ring)
                                f - ring of poison resistance

@: berserking, marked, regenerating, very quick, very resistant to hostile
enchantments, extremely unstealthy
A: retaliatory headbutt, horns 2
a: Berserk, Trog's Hand, Brothers in Arms, Burn Spellbooks, Renounce Religion


You were on level 2 of the Orcish Mines.
You worshipped Trog.
Trog was extremely pleased with you.
You were not hungry.

You visited 2 branches of the dungeon, and saw 12 of its levels.

You collected 154 gold pieces.

Inventory:

Hand Weapons
 s - a +0 war axe (weapon)
Missiles
 t - 9 tomahawks (quivered)
Armour
 A - a +0 plate armour (worn)
 D - a +0 pair of boots (worn)
Jewellery
 f - a ring of poison resistance (left hand)
 F - an amulet of faith (around neck)
Scrolls
 e - 7 scrolls of teleportation {unknown}
 g - 4 scrolls of remove curse
 h - 2 scrolls of recharging {unknown}
 j - 16 scrolls of identify {unknown}
 k - 3 scrolls of enchant armour {unknown}
 l - a scroll of torment {unknown}
 n - 3 scrolls of amnesia {unknown}
 p - 4 scrolls of enchant weapon {unknown}
 u - 2 scrolls of fear {unknown}
 w - 2 scrolls of magic mapping {unknown}
 y - a scroll of vulnerability {unknown}
 E - a scroll of immolation {unknown}
Potions
 a - a potion of cancellation {unknown}
 b - 2 potions of might {unknown}
 d - 3 potions of mutation {unknown}
 i - a potion of ambrosia {unknown}
 o - 2 potions of degeneration {unknown}
 q - a potion of brilliance {unknown}
 x - a potion of invisibility {unknown}
 z - a potion of haste {unknown}
 B - 2 potions of lignification {unknown}
 C - 6 potions of curing {unknown}
Comestibles
 c - 12 bread rations
 m - 4 meat rations
 G - 7 royal jellies


   Skills:
 * Level 11.3 Fighting
 * Level 11.7 Axes
 + Level 6.7 Throwing
 + Level 8.2 Armour
 + Level 7.9 Dodging


You had 10 spell levels left.
You didn't know any spells.

Dungeon Overview and Level Annotations

Branches:
Dungeon (10/15)            Temple (0/1) D:7             Orc (1/2) D:10
   Lair: D:8-11

Altars:
Ashenzari
Cheibriados
Fedhas
Kikubaaqudgha
Nemelex Xobeh
Qazlal
Vehumet
Xom
Beogh

Shops:
D:10 [   Orc:2 ?

Annotations:
D:9 Maurice


Innate Abilities, Weirdness & Mutations

You reflexively headbutt those who attack you in melee.
You have a pair of horns on your head.


Message History

You are engulfed in flames!
* * * LOW HITPOINT WARNING * * *
You slash the orc sorcerer!
The orc sorcerer is severely wounded.
You barely miss the sun demon.
The sun demon is lightly wounded.
You barely miss the ogre.
The ogre is lightly wounded.
You slash something! Trog accepts your kill.
Trog appreciates your killing of a magic user.
Reactivating autopickup.
You feel a bit more experienced.
You miss something.
The orc sorcerer hits you but does no damage.
The ogre hits you with a giant club!
* * * LOW HITPOINT WARNING * * *
The sun demon hits you!!
* * * LOW HITPOINT WARNING * * *
You are engulfed in flames!
You die... 8

..
###############≈..
≈§§≈≈≈≈≈≈≈§§≈≈≈≈..
..§..§o..O.3......
.....o.o.)@o......
#......8.)){..#...
#≈..#.....#..≈#
#≈. #≈...≈#..≈# #
#≈...≈#..≈#
#≈...≈##..#
#≈§.§.≈≈ ...
#§§.§.≈≈###∩#


You could see a sun demon, 2 orc sorcerers, an ogre and 2 orc wizards.

Vanquished Creatures
  An ogre mage (Orc:2)
  A hill giant (D:10)
  Pikel (D:5)
  Joseph (D:7)
  The ghost of apoch the Cudgeler, a novice GrFi (D:4)
  2 trolls (D:10)
  A queen bee (D:10)
  A wyvern (D:8)
  Duvessa (D:5)
  6 yaks (D:10)
  2 hungry ghosts (D:9)
  2 orc warriors
  2 sky beasts
  2 slaves (D:5)
  7 ogres
  2 ice beasts (D:6)
  7 centaurs
  2 big kobolds
  8 giant frogs
  A wyvern zombie (D:8)
  Dowan (D:5)
  3 scorpions
  14 killer bees
  15 wights
  2 howler monkeys
  A centaur zombie (D:8)
  A crimson imp (D:10)
  A centaur skeleton (D:8)
  A giant frog skeleton (D:4)
  A giant frog zombie (D:5)
  A jelly (D:10)
  7 hounds
  5 orc priests
  3 orc wizards
  3 iguanas
  6 worker ants
  A statue (D:9)
  A hound zombie (D:7)
  Robin (D:3)
  4 gnolls (D:2)
  3 worker ant zombies
  10 adders
  A howler monkey skeleton (D:5)
  A shadow imp (D:10)
  3 adder skeletons (D:7)
  5 worms
  3 dart slugs
  The ghost of kagredon the Ducker, a weakling DEAK of Lugonu (D:6)
  6 giant geckos
  30 orcs
  5 bats
  A bat zombie (D:6)
  4 giant cockroaches
  13 hobgoblins
  8 jackals
  13 kobolds
  5 quokkas
  3 ball pythons
  A ball python skeleton (D:4)
  A giant gecko zombie (D:8)
  5 giant newts
  14 goblins
  5 rats
  A rat zombie (D:6)
265 creatures vanquished.

Vanquished Creatures (others)
  2 slaves (D:5)
  A crimson imp (D:5)
  A worker ant (D:5)
  A kobold (D:3)
5 creatures vanquished.

Grand Total: 270 creatures vanquished

Notes
Turn   | Place    | Note
--------------------------------------------------------------
     0 | D:1      | shmeve the Minotaur Berserker began the quest for the Orb.
     0 | D:1      | Reached XP level 1. HP: 19/19 MP: 0/0
   170 | D:1      | Reached XP level 2. HP: 21/27 MP: 1/1
   442 | D:1      | You fall through a shaft!
   496 | D:1      | Reached XP level 3. HP: 13/33 MP: 2/2
   862 | D:2      | Found a faded altar to an unknown god.
  1177 | D:2      | Reached skill level 1 in Throwing
  1178 | D:2      | Reached XP level 4. HP: 40/40 MP: 3/3
  1448 | D:2      | Reached ** piety under Trog
  1831 | D:2      | Reached skill level 5 in Axes
  1939 | D:3      | Noticed Robin
  1945 | D:3      | Killed Robin
  1949 | D:3      | Reached XP level 5. HP: 46/46 MP: 4/4
  2117 | D:3      | Found a sparkling altar of Nemelex Xobeh.
  2304 | D:3      | Found a shattered altar of Ashenzari.
  2311 | D:3      | Reached *** piety under Trog
  2785 | D:3      | Reached XP level 6. HP: 43/53 MP: 5/5
  3232 | D:4      | Noticed apoch's ghost (novice GrFi)
  3238 | D:4      | Killed apoch's ghost
  3238 | D:4      | Reached skill level 5 in Fighting
  3238 | D:4      | Reached XP level 7. HP: 59/61 MP: 6/6
  3802 | D:5      | Entered Level 5 of the Dungeon
  3815 | D:5      | Noticed Duvessa
  3816 | D:5      | Noticed Dowan
  3835 | D:5      | Killed Dowan
  3895 | D:5      | Noticed Pikel
  3899 | D:5      | Killed Pikel
  3899 | D:5      | Reached skill level 5 in Armour
  3899 | D:5      | Reached XP level 8. HP: 71/71 MP: 7/7
  4166 | D:5      | Reached skill level 5 in Dodging
  4297 | D:5      | Killed Duvessa
  4769 | D:6      | Found a blossoming altar of Fedhas.
  4770 | D:6      | Noticed kagredon's ghost (weakling DEAK)
  4774 | D:6      | Killed kagredon's ghost
  4780 | D:6      | Reached **** piety under Trog
  4780 | D:6      | Reached XP level 9. HP: 81/81 MP: 8/8
  5082 | D:6      | Received a gift from Trog
  5322 | D:6      | Found an ancient bone altar of Kikubaaqudgha.
  5706 | D:7      | Noticed Joseph
  5722 | D:7      | Killed Joseph
  5722 | D:7      | Reached skill level 5 in Throwing
  5833 | D:7      | Found a stormy altar of Qazlal.
  5840 | D:7      | Found a shimmering altar of Xom.
  5911 | D:7      | Found a snail-covered altar of Cheibriados.
  5993 | D:7      | Found a staircase to the Ecumenical Temple.
  6493 | D:8      | Reached skill level 10 in Axes
  6569 | D:8      | Reached XP level 10. HP: 91/91 MP: 9/9
  7397 | D:9      | Noticed Maurice
  7435 | D:9      | Reached ***** piety under Trog
  8022 | D:9      | Reached skill level 10 in Fighting
  8037 | D:9      | Paralysed by fainting for 9 turns
  8179 | D:9      | Found a radiant altar of Vehumet.
  8422 | D:10     | Entered Level 10 of the Dungeon
  8441 | D:10     | Noticed a hill giant
  8459 | D:10     | Killed a hill giant
  8669 | D:10     | Reached XP level 11. HP: 92/102 MP: 10/10
  9088 | D:10     | Found a staircase to the Orcish Mines.
  9144 | D:10     | Found Tailie Naps's Armour Shop.
  9239 | D:10     | Received a gift from Trog
  9535 | D:10     | Found a roughly hewn altar of Beogh.
  9772 | Orc:1    | Entered Level 1 of the Orcish Mines
  9790 | Orc:1    | You fall through a shaft!
  9790 | Orc:2    | Entered Level 2 of the Orcish Mines
  9790 | Orc:2    | Noticed an ogre mage
  9791 | Orc:2    | Noticed an orc sorcerer
  9792 | Orc:2    | Found Roucuku's Magic Scroll Boutique.
  9794 | Orc:2    | Noticed a sun demon
  9797 | Orc:2    | Noticed an orc sorcerer
  9801 | Orc:2    | Killed an ogre mage
  9801 | Orc:2    | HP: 2/153 [sun demon[an orc sorcerer] (19)]
  9801 | Orc:2    | Mangled by a sun demon

Skill      XL: |  1  2  3  4  5  6  7  8  9 10 11 |
---------------+----------------------------------+-----
Axes           | 4 5 6 7 8 10 11 | 11.7
Fighting       | 4 5 6 7 9 11 | 11.3
Throwing       | 1 2 3 4 5 6 |  6.7
Armour         | 3 4 5 7 8 |  8.2
Dodging        | 3 4 5 6 7 |  7.9

Action                   |  1- 3 |  4- 6 |  7- 9 | 10-12 || total
-------------------------+-------+-------+-------+-------++-------
Melee: Hand axe          |    46 |    42 |       |       ||    88
       Headbutt          |     8 |    15 |    49 |    42 ||   114
       War axe           |       |    73 |   239 |   241 ||   553
Throw: Tomahawk          |       |       |    12 |    40 ||    52
Invok: Berserk           |     1 |     2 |     3 |     4 ||    10
       Burn Spellbooks   |       |       |     1 |       ||     1
       Trog's Hand       |       |       |       |     1 ||     1
  Use: Scroll            |       |       |     1 |       ||     1
  Eat: Chunk             |       |     9 |    15 |     7 ||    31
       Fruit             |       |       |       |     3 ||     3
       Pizza             |       |       |       |     4 ||     4
       Royal jelly       |       |       |       |     2 ||     2
       Beef jerky        |       |       |       |     1 ||     1
Armor: Animal skin       |     9 |    17 |     2 |       ||    28
       Chain mail        |       |       |    65 |       ||    65
       Plate armour      |       |       |    40 |   189 ||   229
Dodge: Dodged            |    27 |    72 |   118 |   115 ||   332
Block: Other             |     1 |    24 |    35 |     1 ||    61
       Reflection        |       |       |     3 |       ||     3
